 Dungeon Crawl Stone Soup version 0.31-a0-1321-g5021b54cb2 (webtiles) character file.

Game seed: 266721850394802967

1718421 Implojin the Executioner (level 26, 138/195 (196) HPs)
             Began as a Human Alchemist on Dec 20, 2023.
             Was a High Priest of Hepliaklqana.
             Escaped with the Orb
             ... and 3 runes!
             The game lasted 02:31:51 (62970 turns).

Implojin the Executioner (Human Alchemist)         Turns: 62970, Time: 02:31:51

HP:   138/195 (196) AC: 27    Str: 15    XL:     26   Next: 77%
MP:   36/36         EV: 28    Int: 21    God:    Hepliaklqana [*****.]
Gold: 3800          SH: 30    Dex: 17    Spells: 26/29 levels left

rFire   + + +        a - +9 broad axe (freeze)
rCold   . . .        W - +1 tower shield {rF+}
rNeg    + . .        w - +5 acid dragon scales "Nocomnia" {^Contam rF+ rCorr MP+9 Int+4}
rPois   +            (helmet restricted)
rElec   .            H - +2 ratskin cloak {*Rats rPois rN+ Str-1 Int-1 Dex+1}
rCorr   +            l - +2 pair of gloves {rF+}
SInv    .            C - +2 pair of boots {rampage}
Will    ++...        v - brooch of Shielding {Spirit SH+8}
Stlth   ++           K - ring "Zeiny" {Will+ EV+5}
HPRegen 0.52/turn    p - +4 ring of slaying
MPRegen 0.25/turn

%: guardian spirit, rampage
@: studying 2 skills, lightly drained
A: reduced essence, explore regen, antennae 1, low MP 1
0: Orb of Zot
}: 3/15 runes: decaying, serpentine, silver
a: Renounce Religion, Recall Ancestor, Ancestor Identity, Transference, Idealise


You escaped.
You worshipped Hepliaklqana.
Hepliaklqana was extremely pleased with you.
You visited 11 branches of the dungeon, and saw 49 of its levels.
You also visited: Gauntlet and Ice Cave.

You collected 6918 gold pieces.
You spent 3118 gold pieces at shops.

Inventory:

Hand Weapons
 a - a +9 broad axe of freezing (weapon)
 b - a +2 antimagic broad axe
Missiles
 A - 14 silver javelins (quivered)
 Q - 4 throwing nets
 V - 11 curare-tipped darts
 Y - 6 darts of dispersal
Armour
 j - the +2 helmet "Taplusid" {rElec rF- Will+ Slay+3}
   (You found it in a Gauntlet)

   Slay+3:    It affects your accuracy & damage with ranged weapons and melee
   (+3).
   rF-:       It makes you vulnerable to fire.
   rElec:     It insulates you from electricity.
   Will+:     It increases your willpower.
 l - a +2 pair of gloves of fire resistance (worn)
 m - the +1 helmet "Keucid" {Harm Regen+}
   (You found it on level 3 of the Elven Halls)

   Regen+:    It increases your rate of health regeneration.
   Harm:      It increases damage dealt and taken.
 w - the +5 acid dragon scales "Nocomnia" (worn) {^Contam rF+ rCorr MP+9 Int+4}
   (You found it in a Gauntlet)

   Int+4:     It affects your intelligence (+4).
   rF+:       It protects you from fire.
   MP+9:      It affects your magic capacity (+9).
   ^Contam:   It causes magical contamination when unequipped.
   rCorr:     It protects you from acid and corrosion.
 C - a +2 pair of boots of rampaging (worn)
 G - the +8 chain mail of Jufeh {Will+ rCorr}
   (You found it on level 1 of the Depths)

   Will+:     It increases your willpower.
   rCorr:     It protects you from acid and corrosion.
 H - the +2 ratskin cloak (worn) {*Rats rPois rN+ Str-1 Int-1 Dex+1}
   (You found it on level 5 of the Dungeon)

   *Rats:     When the wearer is hurt, rats may emerge from it to assist them.
   Str-1:     It affects your strength (-1).
   Int-1:     It affects your intelligence (-1).
   Dex+1:     It affects your dexterity (+1).
   rPois:     It protects you from poison rN+: It protects you from negative
   energy.
 W - a +1 tower shield of fire resistance (worn)
Jewellery
 d - a ring of willpower
 o - a ring of protection from cold
 p - a +4 ring of slaying (right hand)
 u - a ring of protection from fire
 v - the brooch of Shielding (around neck) {Spirit SH+8}
   (You bought it in a shop on level 3 of the Elven Halls)

   [amulet of guardian spirit]

   Spirit:    It causes incoming damage to be divided between your reserves of
   health and magic.
   SH+8:      It affects your SH (+8).
 K - the ring "Zeiny" (left hand) {Will+ EV+5}
   (You took it off a minotaur in a Gauntlet)

   [ring of evasion]

   EV+5:      It affects your evasion (+5).
   Will+:     It increases your willpower.
 X - a ring of protection from cold
Wands
 g - a wand of mindburst (30)
 k - a wand of roots (74)
 I - a wand of paralysis (62)
 M - a wand of acid (28)
 S - a wand of digging (9)
Scrolls
 f - 8 scrolls of revelation
 i - 5 scrolls of silence
 n - 5 scrolls of immolation
 y - 9 scrolls of poison
 B - 6 scrolls of fog
 L - 9 scrolls of teleportation
 N - a scroll of fear
 O - 5 scrolls of vulnerability
 T - 4 scrolls of blinking
Potions
 c - 3 potions of invisibility
 q - 7 potions of enlightenment
 r - 17 potions of curing
 t - 4 potions of magic
 D - a potion of haste
 E - 6 potions of heal wounds
 F - 2 potions of ambrosia
 J - 12 potions of mutation
 Z - 4 potions of resistance
Miscellaneous
 s - a phial of floods
 x - a phantom mirror
 P - a condenser vane
 U - a box of beasts


   Skills:
 - Level 20.0 Fighting
 - Level 4.0 Short Blades
 * Level 23.5(24.1) Axes
 - Level 10.0(18.1) Polearms
 - Level 4.0 Throwing
 - Level 18.0 Armour
 - Level 22.0 Dodging
 - Level 8.0 Stealth
 - Level 18.0 Shields
 - Level 2.0 Spellcasting
 - Level 1.0 Conjurations
 - Level 6.3 Alchemy
 - Level 10.0 Invocations
 - Level 7.0 Evocations


You had 26 spell levels left.
You knew the following spells:

 Your Spells              Type           Power      Damage    Failure   Level
a - Sting                 Conj/Alch      68%        1d7       11%         1
b - Mercury Vapours       Alch/Air       30%        N/A       21%         2

Your spell library contained the following spells:

 Spells                   Type           Power      Damage    Failure   Level
 Magic Dart               Conj           24%        1d4       30%         1
 Olgreb's Toxic Radiance  Alch           28%        N/A       34%         4
 Kiss of Death            Conj/Necr      16%        2d6       36%         1
 Shock                    Conj/Air       16%        1d4       36%         1
 Apportation              Tloc           4%         N/A       43%         1
 Freeze                   Ice            8%         1d3       43%         1
 Necrotise                Necr           8%         1d4       43%         1
 Summon Small Mammal      Summ           8%         N/A       43%         1
 Searing Ray              Conj           12%        2d4       43%         2
 Mephitic Cloud           Conj/Alch/Air  12%        N/A       45%         3
 Momentum Strike          Conj/Tloc      8%         3d8       50%         2
 Static Discharge         Conj/Air       8%         3-4/arc   50%         2
 Blink                    Tloc           4%         N/A       56%         2
 Call Imp                 Summ           4%         N/A       56%         2
 Ensorcelled Hibernation  Hex/Ice        4%         N/A       56%         2
 Jinxbite                 Hex            4%         N/A       56%         2
 Lesser Beckoning         Tloc           4%         N/A       56%         2
 Scorch                   Fire           4%         2d5       56%         2
 Alistair's Intoxication  Alch           18%        N/A       69%         5
 Fulminant Prism          Conj/Alch      8%         3d7       71%         4
 Dazzling Flash           Conj/Hex       8%         N/A       75%         3
 Hailstorm                Conj/Ice       4%         3d5       75%         3
 Ignite Poison            Fire/Alch      15%        N/A       78%         4
 Leda's Liquefaction      Alch/Erth      7%         N/A       78%         4
 Sticky Flame             Fire/Alch      15%        2d5       78%         4
 Call Canine Familiar     Summ           2%         N/A       80%         3
 Confusing Touch          Hex            2%         N/A       80%         3
 Frozen Ramparts          Ice            4%         1d1       80%         3
 Fugue of the Fallen      Necr           2%         N/A       80%         3
 Sigil of Binding         Hex            2%         N/A       80%         3
 Summon Guardian Golem    Hex/Summ       2%         N/A       80%         3
 Volatile Blastmotes      Fire/Tloc      4%         2d10      80%         3
 Flame Wave               Conj/Fire      4%         2d5       98%         4
 Iskenderun's Mystic Bla  Conj/Tloc      4%         2d3       98%         4
 Airstrike                Air            1%         2d(1-17)  99%         4
 Anguish                  Hex/Necr       1%         N/A       99%         4
 Cause Fear               Hex            1%         N/A       99%         4
 Dimensional Bullseye     Hex/Tloc       1%         N/A       99%         4
 Dispel Undead            Necr           2%         3d7       99%         4
 Manifold Assault         Tloc           2%         N/A       99%         4
 Passage of Golubria      Tloc           2%         N/A       99%         4
 Summon Lightning Spire   Summ/Air       2%         N/A       99%         4
 Eringya's Noxious Bog    Alch           14%        4d6       99%         6
 Borgnjor's Vile Clutch   Necr/Erth      1%         N/A       100%        5
 Fireball                 Conj/Fire      2%         3d4       100%        5
 Lee's Rapid Deconstruct  Erth           1%         3d4*      100%        5
 Silence                  Hex/Air        1%         N/A       100%        5
 Summon Forest            Summ/Tloc      1%         N/A       100%        5
 Summon Mana Viper        Hex/Summ       2%         N/A       100%        5
 Bombard                  Conj/Erth      2%         9d1       100%        6
 Dispersal                Tloc           1%         N/A       100%        6
 Starburst                Conj/Fire      2%         6d3       100%        6
 Summon Cactus Giant      Summ           1%         N/A       100%        6
 Enfeeble                 Hex            1%         N/A       100%        7
 Malign Gateway           Summ/Tloc      1%         N/A       100%        7
 Disjunction              Tloc           1%         N/A       100%        8
 Ignition                 Fire           1%         3d3       100%        8
 Lehudib's Crystal Spear  Conj/Erth      2%         10d2      100%        8
 Maxwell's Capacitive Co  Air            1%         ∞         100%        8
 Summon Horrible Things   Summ           1%         N/A       100%        8
 Dragon's Call            Summ           1%         N/A       100%        9


Dungeon Overview and Level Annotations

Branches:
Dungeon (15/15)            Temple (1/1) D:6            Lair (5/5) D:8
  Swamp (4/4) Lair:3        Snake (4/4) Lair:2        Slime (1/5) Lair:4
    Orc (2/2) D:12            Elf (3/3) Orc:2        Vaults (5/5) D:13
  Crypt (0/3) Vaults:2     Depths (4/4) D:15            Zot (5/5) Depths:4
  IceCv (visited)         Gauntlet (visited)

Altars:
Ashenzari
Cheibriados
Dithmenos
Elyvilon
Fedhas
Gozag
Hepliaklqana
Kikubaaqudgha
Makhleb
Nemelex Xobeh
Okawaru
Qazlal
Ru
Sif Muna
Trog
Uskayaw
Vehumet
Wu Jian
Xom
Yredelemnul
Zin
The Shining One
Jiyva
Lugonu

Shops:
D:9 *   D:11 ?   D:13 *?(*   Orc:2 [![!   Elf:1 (   Elf:3 *=?   Snake:2 *(=*
Vaults:2 *[[   Depths:2 :(

Portals:
Hell: Depths:1 Depths:2 Depths:3 Depths:4
Abyss: Depths:2 Depths:3 Depths:4
Pandemonium: Depths:2
Ziggurat: Depths:2
Trove: Depths:3 (give +4 ice dragon scales)

Annotations:
Zot:2 1 runed translucent door, exclusion: door, Wukiw's ghost, legendary MiBe


Innate Abilities, Weirdness & Mutations

Your life essence is reduced to manifest your ancestor. (-10% HP)
You regain HP and MP as you explore.
You have a pair of small antennae on your head.
Your magical capacity is low. (-10% MP)


Message History

You feel less invigorated.
You feel less confused.
The hellephant blinks!
A mysterious force pulls you upwards. The hatch slams shut behind you.
Your mindless puppet stays behind.
Unknown command.
Unknown command.
There is a staircase leading out of the dungeon here. 🦀 is recalled.
You start resting.
Magic restored.
You start resting.
You sense a monster nearby.
You start resting.
You feel a little less mighty now.
You start resting.
An ice devil comes into view.
An ice devil is nearby! 🦀 hits the ice devil with a +0 antimagic quick blade! x2 🦀 casts a spell. 🦀 seems to speed up.
The ice devil hits 🦀.
The ice devil freezes 🦀! 🦀 resists.
You rampage towards the ice devil!
You completely miss the ice devil.
The ice devil is heavily wounded. 🦀 mumbles some strange words.
The ice devil resists with almost no effort.
You hit the ice devil.
The ice devil is severely wounded. 🦀 barely misses the ice devil. 🦀 hits the ice devil with a +0 antimagic quick blade!
You block the ice devil's attack. 🦀 hits the ice devil with a +0 antimagic quick blade!
The ice devil dies!
There is a staircase leading out of the dungeon here.
You start resting.
Ancestor HP restored.
You start resting.
A demonspawn warmonger comes into view.
It is wielding a +0 glaive of flaming and wearing a +3 chain mail of poison resistance.
You have escaped!

#.##.##.# ##..#.##..##..#.......
#.##.##.# ##.....###....######...
#.##.##.# #........##...# ##.#
#....)..# #......####...# #.#
###..######......####..6# #.#
#.#............###.....#######.#
##..########.###.....###........
#...# #...##....## #####.#..
##..## #..##@R..## ####.... ....#
#..##....### ##.......
##.#########..##......###......#.
..............####.........##.##.
##.##########.# ###.......##.##.
#.##########.# ##......##..#.
#.##.........# #..##..###.#.
##.##.########## #..##..# #.#.
...............# #......# #.#.


You could see the friendly 🦀 the hexer (fast) and a demonspawn warmonger (ally
target).

Vanquished Creatures
  2 dread liches
  An orb of fire (Zot:5)
  2 ancient liches
  Mara (Vaults:4)
  2 juggernauts
  3 Killer Klowns
  3 curse toes
  Jory (Depths:3)
  3 caustic shrikes (Depths:4)
  6 golden dragons
  A profane servitor (D:6)
  A bone dragon (Depths:4)
  A pandemonium lord (D:15)
  A hellephant (Depths:2)
  12 tentacled monstrosities
  2 Ice Fiends (IceCv)
  A titan (Vaults:5)
  A lich (Depths:4)
  12 Orb Guardians (Zot:5)
  2 quicksilver dragons (Zot:2)
  2 deep elf blademasters
  2 deep elf master archers (Elf:3)
  A sphinx (Vaults:2)
  13 death cobs
  A thorn hunter (Swamp:4)
  9 storm dragons
  7 tengu reavers
  9 shadow dragons
  Agnes (Snake:1)
  5 draconian monks
  9 draconian knights
  3 nagarajas (Snake:4)
  8 fire giants
  7 frost giants
  2 ghost moths
  4 iron dragons (Zot:1)
  An azure jelly (Slime:1)
  9 vault wardens
  7 deep elf sorcerers
  Louise (Swamp:1)
  2 draconian shifters
  5 draconian scorchers
  4 balrugs
  12 draconian annihilators
  A deep elf elementalist (Elf:3)
  4 draconian stormcallers
  A quicksilver ooze (Slime:1)
  10 ironbound preservers
  4 ironbound thunderhulks
  3 spriggan defenders (Depths:3)
  3 war gargoyles
  A vampire knight (Depths:3)
  8 very ugly things
  7 green draconians
  14 stone giants
  2 deep elf death magi
  A formless jellyfish (Vaults:3)
  5 eleionomae
  4 bunyips
  8 deep elf annihilators
  8 white draconians
  3 black draconians
  18 red draconians
  8 purple draconians
  9 dire elephants
  3 deep elf demonologists (Elf:3)
  6 yellow draconians
  A minotaur (Gauntlet)
  8 spark wasps
  A merfolk javelineer (Depths:1)
  4 ettins
  12 yaktaur captains
  The ghost of Sonofthefire the Mimic, a journeyman OpSh of Okawaru (D:13)
  5 jiangshi (Depths:4)
  5 fire dragons
  5 great orbs of eyes
  7 deep elf high priests
  A hell beast (D:9)
  19 vault guards
  An entropy weaver (Vaults:3)
  2 salamander tyrants (Depths:2)
  7 hydras
  4 ice dragons
  4 rakshasas
  2 peacekeepers
  6 anacondas
  6 centaur warriors
  6 alligators
  A ghost crab (Swamp:4)
  4 boulder beetles
  A merfolk avatar (Lair:5)
  6 ironbound frosthearts
  3 spriggan air magi
  21 dancing weapons
  5 two-headed ogres
  5 tengu warriors
  2 vampire magi
  2 deep troll earth magi
  A demonic crawler (Zot:1)
  A deep troll shaman (Depths:4)
  7 naga warriors
  9 naga sharpshooters
  An occultist (Depths:1)
  9 hell knights
  6 shock serpents
  9 spriggan berserkers
  A shock serpent (shapeshifter) (Depths:2)
  3 orc high priests (Orc:2)
  5 sun demons
  13 deep elf knights
  2 skysharks
  Sonja (Lair:4)
  2 sixfirhies (D:9)
  A soul eater (Depths:2)
  6 skeletal warriors (D:13)
  An iron troll (Depths:3)
  4 salamander mystics
  4 goliath frogs
  A skyshark (shapeshifter) (Vaults:5)
  6 glowing orange brains
  A death drake (Gauntlet)
  A sea snake (shapeshifter) (D:15)
  A shadow demon (Depths:2)
  A spark wasp zombie (Depths:2)
  3 spriggan druids
  2 flayed ghosts
  3 swamp dragons
  A spriggan rider (Depths:2)
  2 golden dragon skeletons (Depths:2)
  9 deep elf archers
  35 deep trolls
  8 naga ritualists
  4 arcanists
  An obsidian statue (IceCv)
  3 phantasmal warriors
  4 bog bodies
  A tengu zombie (Depths:2)
  8 ironbound convokers
  An orc knight (Orc:2)
  7 lindwurms
  2 spriggan simulacra (IceCv)
  A harpy (shapeshifter) (D:15)
  15 deep elf pyromancers
  A fire giant zombie (Depths:2)
  2 wolf spiders
  Pikel (D:7)
  6 harpies
  9 necromancers
  3 mana vipers
  28 deep elf zephyrmancers
  A will-o-the-wisp (Swamp:2)
  A salamander (shapeshifter) (Vaults:5)
  3 orc sorcerers
  An oklob plant (Lair:3)
  8 salamanders
  5 cyclopes
  A shadow dragon skeleton (Depths:2)
  3 manticores
  20 ugly things
  A spectral centaur (Gauntlet)
  A kobold blastminer (Orc:1)
  2 toenail golems
  6 elephants
  A rust devil (D:5)
  23 moths of wrath
  28 black mambas
  2 centaur zombies (Gauntlet)
  3 guardian serpents
  11 vault sentinels
  Joseph (D:7)
  11 naga magi
  An eye of devastation (shapeshifter) (Vaults:5)
  A torpor snail (Lair:2)
  A smoke demon (Depths:1)
  A molten gargoyle (Lair:5)
  An unseen horror (D:12)
  2 gargoyles
  6 cane toads
  Maggie (D:6)
  An ice statue (Snake:2)
  A komodo dragon (shapeshifter) (D:13)
  11 komodo dragons
  2 efreet
  2 kobold demonologists (D:11)
  26 yaktaurs
  An ice devil (Gauntlet)
  4 tengu conjurers
  A yaktaur zombie (Vaults:4)
  11 freezing wraiths
  A tormentor (D:9)
  A golden dragon simulacrum (IceCv)
  Psyche (D:8)
  3 trolls (D:11)
  12 hornets
  6 polar bears
  2 meliai (D:15)
  A hellwing (Zot:1)
  3 bloated husks
  6 tyrant leeches
  A tarantella (shapeshifter) (Depths:3)
  A glass eye (Depths:4)
  2 alligator simulacra (IceCv)
  16 blink frogs
  A dream sheep (shapeshifter) (Depths:3)
  Prince Ribbit (D:7)
  A snapping turtle (Lair:5)
  3 dream sheep
  A spriggan (shapeshifter) (D:13)
  A jumping spider (shapeshifter) (Vaults:5)
  2 hexers
  37 slime creatures
  3 wyverns
  6 water elementals
  A centaur simulacrum (D:14)
  A basilisk (shapeshifter) (Elf:1)
  9 spriggans
  3 vampires
  33 yaks
  8 wraiths
  An elf zombie (Vaults:4)
  2 steam dragons
  3 fire elementals
  A warg (Orc:2)
  5 minotaur simulacra (IceCv)
  A redback (shapeshifter) (Vaults:5)
  4 swamp worm simulacra (Swamp:4)
  4 basilisks
  8 vampire mosquitoes
  A harpy simulacrum (IceCv)
  14 swamp worms
  25 nagas
  10 water moccasins
  15 hydra simulacra (Swamp:4)
  An acid dragon (D:10)
  Duvessa (D:6)
  12 orc warriors
  A glowing shapeshifter skeleton (Depths:2)
  An ice beast (D:6)
  7 ogres
  An ettin simulacrum (Depths:2)
  4 sky beasts
  2 black bears
  14 wolves
  4 boggarts
  4 centaurs
  A lemure (D:7)
  A phantom (D:5)
  4 kobold brigands
  12 bullfrogs
  2 gnoll sergeants
  5 scorpions
  5 deep troll simulacra (IceCv)
  10 wights
  Dowan (D:6)
  3 lindwurm simulacra (IceCv)
  12 killer bees
  A howler monkey (D:6)
  3 electric eels
  4 crimson imps
  3 hounds
  6 jellies
  24 orc priests
  A gnoll bouda (D:5)
  A sleepcap (D:5)
  5 iguanas
  Ijyb (D:4)
  A boggart zombie (Gauntlet)
  11 human skeletons (Vaults:1)
  19 orc wizards
  12 hell rats
  Robin (D:3)
  11 gnolls
  4 adders
  17 river rats (D:5)
  2 shadow imps (D:7)
  3 white imps
  4 swamp drake simulacra (Swamp:4)
  2 worms
  A dart slug (D:5)
  48 orcs
  5 ball pythons
  10 endoplasms
  4 giant cockroaches
  14 goblins
  5 hobgoblins
  10 jackals
  6 quokkas
  4 bats
  2 frilled lizards (D:2)
  10 kobolds
  6 rats
1564 creatures vanquished.

Vanquished Creatures (collateral kills)
  2 dread liches
  A juggernaut (Depths:4)
  Vashnia (Snake:4)
  2 Killer Klowns (Zot:5)
  2 golden dragons
  2 electric golems
  A Tzitzimitl (D:2)
  10 Orb Guardians (Zot:5)
  3 liches
  3 tentacled monstrosities (Zot:4)
  3 quicksilver dragons
  2 acid blobs (Slime:1)
  2 sphinxes
  4 shadow dragons
  2 storm dragons
  2 tengu reavers (Vaults:5)
  2 azure jellies (Swamp:4)
  Aizul (Swamp:3)
  7 draconian monks
  A rockslime (Slime:1)
  3 nagarajas
  5 draconian knights
  4 draconian shifters
  4 fire giants
  2 deep elf elementalists (Elf:3)
  A deep elf sorcerer (Elf:3)
  A spriggan defender (Depths:3)
  A cacodemon (D:9)
  5 very ugly things
  3 draconian annihilators (Zot:1)
  An ironbound thunderhulk (Vaults:2)
  3 stone giants
  4 ironbound preservers
  An eleionoma (Lair:3)
  A deep elf death mage (Elf:3)
  4 green draconians
  3 purple draconians
  5 dire elephants
  3 black draconians
  4 white draconians
  5 yellow draconians
  A bunyip (Swamp:4)
  4 red draconians
  A crystal guardian (Vaults:4)
  A green death (D:11)
  2 yaktaur captains
  Josephine (Swamp:1)
  2 fire dragons
  A great orb of eyes (Vaults:1)
  2 salamander tyrants
  3 hydras
  2 centaur warriors
  An ice dragon (Swamp:4)
  3 anacondas (Snake:4)
  An alligator (Swamp:3)
  An ogre mage (D:15)
  4 dancing weapons
  3 two-headed ogres
  7 vault guards
  A catoblepas (D:14)
  Urug (Lair:5)
  6 naga warriors
  A vampire mage (Depths:4)
  An orc high priest (Orc:2)
  A titan zombie (Vaults:4)
  2 tengu warriors
  A sun demon (Zot:1)
  6 naga sharpshooters (Snake:4)
  A deep troll earth mage (Depths:3)
  2 shock serpents
  3 deep elf knights
  3 spriggan berserkers (Depths:3)
  A soul eater (Depths:2)
  A hell knight (Depths:3)
  A salamander mystic (Snake:4)
  2 skysharks
  2 skeletal warriors (D:13)
  A death drake (Gauntlet)
  13 deep trolls
  A spriggan druid (Swamp:4)
  3 naga ritualists
  2 glowing orange brains
  2 lindwurms (Vaults:3)
  2 deep elf archers (Elf:2)
  3 bog bodies
  3 necromancers
  A phantasmal warrior (Vaults:5)
  An orc knight (Orc:2)
  7 deep elf zephyrmancers
  2 mana vipers
  2 manticores
  2 shining eyes (Slime:1)
  6 ugly things
  3 deep elf pyromancers
  A salamander (Snake:3)
  A will-o-the-wisp (Swamp:2)
  A cyclops (D:15)
  7 elephants
  2 naga magi
  A guardian serpent (Snake:4)
  5 moths of wrath
  3 vault sentinels
  7 black mambas
  2 cane toads
  2 centaur zombies (Gauntlet)
  A komodo dragon (Lair:5)
  A torpor snail (Lair:5)
  7 yaktaurs
  An orange demon (D:6)
  A freezing wraith (IceCv)
  A rime drake (Lair:5)
  A yaktaur (shapeshifter) (D:13)
  A merfolk (shapeshifter) (Vaults:5)
  2 tyrant leeches
  3 ice devils
  A queen bee (shapeshifter) (D:13)
  A meliai (D:15)
  A hellwing (D:9)
  2 hornets (Swamp:4)
  2 polar bears (Lair:5)
  5 dream sheep
  5 blink frogs
  2 snapping turtles (Lair:5)
  6 slime creatures
  5 spriggans
  2 wyverns
  A wraith (Swamp:1)
  A water elemental (Depths:2)
  An air elemental (Elf:3)
  A shadow (D:12)
  10 yaks
  A basilisk (Lair:3)
  A redback (Vaults:5)
  2 steam dragons
  2 vampire mosquitoes
  8 swamp worms
  Menkaure (D:6)
  9 nagas
  A small abomination (D:15)
  A swamp worm (shapeshifter) (Depths:4)
  6 water moccasins
  5 orc warriors
  An ogre (D:15)
  4 wolves
  3 boggarts
  A centaur (D:13)
  A kobold brigand (D:11)
  A phantom (D:6)
  2 bullfrogs
  An electric eel (Lair:5)
  A hound (shapeshifter) (D:15)
  A jelly (Lair:4)
  13 orc priests
  A human skeleton (Vaults:1)
  12 orc wizards
  A hell rat (Lair:1)
  A gnoll (D:8)
  2 white imps (Gauntlet)
  9 orcs
  An endoplasm (Lair:4)
  5 kobolds
  A spectral weapon (Elf:2)
442 creatures vanquished.

Vanquished Creatures (others)
  A draconian knight (Zot:1)
  A spark wasp (Depths:2)
  2 deep elf knights
  A deep elf zephyrmancer (Elf:1)
  A bloated husk (Swamp:1)
  A tyrant leech (Swamp:1)
  An air elemental (Elf:2)
  An ancestor (D:8)
  44 hexers
  14 foxfires (Swamp:2)
67 creatures vanquished.

Grand Total: 2073 creatures vanquished

Notes
Turn   | Place    | Note
-------+----------+-------------------------------------------
     0 | D:1      | Implojin the Human Alchemist began the quest for the Orb.
     0 | D:1      | Reached XP level 1. HP: 13/13 MP: 3/3
   192 | D:1      | Reached XP level 2. HP: 19/19 MP: 0/5
   195 | D:1      | Learned a level 2 spell: Mercury Vapours
   743 | D:2      | Reached XP level 3. HP: 24/24 MP: 3/6
  1539 | D:3      | Found a faded altar of an unknown god.
  1769 | D:3      | Reached XP level 4. HP: 18/30 MP: 5/7
  1855 | D:3      | Noticed Robin
  1871 | D:3      | Killed Robin
  1872 | D:3      | Reached skill level 5 in Alchemy
  2172 | D:1      | Reached skill level 1 in Short Blades
  2743 | D:3      | Reached XP level 5. HP: 35/36 MP: 6/8
  2809 | D:3      | Reached skill level 1 in Fighting
  3252 | D:3      | Found a shimmering altar of Xom.
  3307 | D:2      | Reached XP level 6. HP: 44/44 MP: 9/9
  3638 | D:4      | Reached XP level 7. HP: 50/50 MP: 10/10
  3728 | D:4      | Noticed Ijyb
  3754 | D:4      | Killed Ijyb
  3952 | D:4      | Reached skill level 1 in Evocations
  4074 | D:4      | Found a broken altar of Ashenzari.
  4087 | D:5      | Entered Level 5 of the Dungeon
  4159 | D:5      | Found the +8 trident of the Octopus King {venom, rElec
                  | rPois}
  4190 | D:5      | Reached skill level 1 in Polearms
  4263 | D:5      | Identified the +1 plate armour "Iffamav" {rF+}
  4340 | D:5      | Reached XP level 8. HP: 50/56 MP: 11/11
  4490 | D:5      | Found the +2 ratskin cloak {*Rats rPois rN+ Str-1 Int-1
                  | Dex+1}
  4548 | D:5      | Reached skill level 5 in Polearms
  4786 | D:5      | Identified the +0 cloak of Absolutism {rCorr Int-5 Dex+3
                  | Stlth+}
  5055 | D:6      | Noticed Maggie
  5063 | D:6      | Killed Maggie
  5064 | D:6      | Reached XP level 9. HP: 61/61 MP: 12/12
  5283 | D:6      | Reached skill level 5 in Armour
  5310 | D:6      | Noticed Menkaure
  5314 | D:6      | Killed Menkaure
  5321 | D:6      | Noticed Duvessa
  5328 | D:6      | Killed Duvessa
  5333 | D:6      | Noticed Dowan
  5337 | D:6      | Killed Dowan
  5430 | D:6      | Reached skill level 5 in Dodging
  5610 | D:6      | Found a staircase to the Ecumenical Temple.
  5715 | D:6      | Reached XP level 10. HP: 63/67 MP: 13/13
  5732 | Temple   | Entered the Ecumenical Temple
  5745 | Temple   | Became a worshipper of Hepliaklqana the Forgotten
  6169 | D:6      | Found a sparkling altar of Nemelex Xobeh.
  6169 | D:6      | Found a transporter.
  6254 | D:7      | Noticed a gargoyle
  6257 | D:7      | Killed a gargoyle
  6502 | D:7      | Found a stormy altar of Qazlal.
  6506 | D:7      | Noticed Prince Ribbit
  6512 | D:7      | Killed Prince Ribbit
  6513 | D:7      | Reached skill level 10 in Polearms
  6568 | D:7      | Noticed Pikel
  6582 | D:7      | Killed Pikel
  6615 | D:7      | Noticed Joseph
  6631 | D:7      | Killed Joseph
  6708 | D:7      | Reached * piety under Hepliaklqana
  6933 | D:7      | Found a hide-covered altar of Uskayaw.
  6934 | D:7      | Found an iron altar of Okawaru.
  6934 | D:7      | Found a white marble altar of Elyvilon.
  6935 | D:7      | Found a glowing golden altar of the Shining One.
  6936 | D:7      | Found an ancient bone altar of Kikubaaqudgha.
  6938 | D:7      | Found an opulent altar of Gozag.
  7104 | D:8      | Noticed Psyche
  7110 | D:8      | Killed Psyche
  7210 | D:8      | Reached XP level 11. HP: 64/64 MP: 14/14
  7232 | D:8      | Found a staircase to the Lair.
  7932 | D:9      | Reached skill level 1 in Invocations
  8230 | D:9      | Noticed a two-headed ogre
  8234 | D:9      | Killed a two-headed ogre
  8287 | D:9      | Reached skill level 5 in Invocations
  8346 | D:9      | Found Ysuo's Fire Supplies.
  8377 | D:9      | Bought a +0 pair of gloves of fire resistance for 184 gold
                  | pieces
  8431 | D:9      | Reached ** piety under Hepliaklqana
  8432 | D:9      | Remembered your ancestor 🦀 as a hexer
  8897 | D:10     | Entered Level 10 of the Dungeon
  9240 | D:10     | Reached *** piety under Hepliaklqana
  9301 | D:10     | Reached skill level 1 in Shields
  9823 | D:11     | Found a gate leading to a gauntlet.
  9838 | D:11     | Noticed a two-headed ogre
  9850 | D:11     | Killed a two-headed ogre
  9851 | D:11     | Reached skill level 5 in Shields
  9851 | D:11     | Reached XP level 12. HP: 70/70 MP: 16/16
  9892 | Gauntlet | Entered a Gauntlet
  9892 | Gauntlet | Found a transporter.
  9892 | Gauntlet | Found a transporter.
  9897 | Gauntlet | Found a transporter.
  9898 | Gauntlet | Found a transporter.
  9910 | Gauntlet | Noticed a thrashing horror
  9912 | Gauntlet | Found a transporter.
  9916 | Gauntlet | Found a transporter.
  9930 | Gauntlet | Found a transporter.
  9930 | Gauntlet | Found a transporter.
  9980 | Gauntlet | Found a transporter.
  9982 | Gauntlet | Found a transporter.
  9996 | Gauntlet | Found a transporter.
 10000 | Gauntlet | Found a transporter.
 10214 | Gauntlet | Identified the +2 helmet "Taplusid" {rElec rF- Will+
                  | Slay+3}
 10253 | Gauntlet | Reached skill level 5 in Fighting
 10260 | Gauntlet | HP: 5/115 [death drake (1)]
 10436 | Gauntlet | Got the Collected Works on the Lungs
 10457 | Gauntlet | Identified the +7 battleaxe "Meih" {heavy, rC+++ Will+ MP-9
                  | Dex+3}
 10457 | Gauntlet | Identified the ring "Zeiny" {Will+ EV+5}
 10457 | Gauntlet | Noticed a minotaur
 10471 | Gauntlet | Killed a minotaur
 10529 | Gauntlet | Identified the +5 acid dragon scales "Nocomnia" {^Contam
                  | rF+ rCorr MP+9 Int+4}
 10551 | Gauntlet | Got the Essays on Caustic Nightshade
 10820 | D:11     | Found Roomedue's Magic Scroll Shoppe.
 10831 | D:11     | Bought a scroll of fog for 64 gold pieces
 10831 | D:11     | Bought a scroll of revelation for 120 gold pieces
 10831 | D:11     | Bought a scroll of revelation for 120 gold pieces
 10831 | D:11     | Bought a scroll of silence for 152 gold pieces
 10843 | D:11     | Reached **** piety under Hepliaklqana
 10909 | D:11     | Identified the +3 falchion "Ciriuw" {flame, Will+ Str+6
                  | Int-2}
 11843 | D:3      | Found a faded altar of an unknown god.
 12558 | Lair:1   | Entered Level 1 of the Lair of Beasts
 13466 | Lair:1   | Noticed a six-headed hydra
 13473 | Lair:1   | Killed a six-headed hydra
 13474 | Lair:1   | Reached XP level 13. HP: 77/88 MP: 20/20
 13635 | Lair:2   | Reached skill level 10 in Invocations
 13837 | Lair:2   | Found a staircase to the Snake Pit.
 14531 | Lair:2   | Found a staircase to the Snake Pit.
 15056 | Lair:3   | Reached skill level 10 in Dodging
 15123 | Lair:3   | Reached ***** piety under Hepliaklqana
 15171 | Lair:3   | Found a staircase to the Swamp.
 15171 | Lair:3   | Noticed an eleionoma
 15172 | Lair:3   | Identified the +0 ring mail of Hidghufi {*Corrode rN+ Dex+3
                  | Stlth+}
 15186 | Lair:3   | Killed an eleionoma
 16149 | Lair:4   | Reached skill level 1 in Throwing
 16259 | Lair:4   | Found a viscous altar of Jiyva.
 16259 | Lair:4   | Found a staircase to the Slime Pits.
 16462 | Lair:4   | Noticed Sonja
 16466 | Lair:4   | Killed Sonja
 16785 | Lair:5   | Entered Level 5 of the Lair of Beasts
 16796 | Lair:5   | Reached XP level 14. HP: 82/95 MP: 21/21
 16855 | Lair:5   | Noticed a dire elephant
 16871 | Lair:5   | Killed a dire elephant
 16882 | Lair:5   | Reached skill level 10 in Fighting
 17296 | Lair:5   | Identified the +4 rapier "Yzilok" {holy, Str+3 Dex+3 SInv}
 17476 | Lair:5   | Reached skill level 5 in Evocations
 17528 | Lair:5   | Noticed Urug
 17542 | Lair:5   | Killed Urug
 18161 | D:12     | Found a staircase to the Orcish Mines.
 18364 | D:12     | Identified the +0 chain mail of the Special Ears {rElec rF+
                  | MP+9}
 18667 | D:13     | Reached XP level 15. HP: 90/108 MP: 22/22
 18762 | D:13     | Found a gate to the Vaults.
 18827 | D:13     | Found Umecykh's Assorted Antiques.
 18834 | D:13     | Bought a potion of curing for 69 gold pieces
 18834 | D:13     | Bought a potion of curing for 69 gold pieces
 18958 | D:13     | Found Zoenikk's Antique Weapon Shoppe.
 18982 | D:13     | Found Gysaxzex's Magic Scroll Boutique.
 18989 | D:13     | Bought a scroll of blinking for 105 gold pieces
 19102 | D:13     | Reached skill level 10 in Armour
 19133 | D:13     | Reached ****** piety under Hepliaklqana
 19138 | D:13     | Reached skill level 5 in Stealth
 19147 | D:13     | Found Bidghe Jitt's Assorted Antiques.
 19495 | D:13     | Found Qufep's Jewellery Emporium.
 19591 | D:13     | Found a runed translucent door.
 19591 | D:13     | Noticed Sonofthefire's ghost (journeyman OpSh)
 19774 | D:13     | Killed Sonofthefire's ghost
 20076 | D:14     | Reached skill level 1 in Axes
 20469 | D:14     | Reached skill level 2 in Axes
 20545 | D:15     | Entered Level 15 of the Dungeon
 20554 | D:14     | Reached skill level 3 in Axes
 20616 | D:15     | Found a white marble altar of Elyvilon.
 20762 | D:15     | Reached skill level 4 in Axes
 20767 | D:15     | Reached skill level 5 in Axes
 21026 | D:15     | Reached skill level 6 in Axes
 21778 | D:15     | Reached skill level 7 in Axes
 21822 | D:15     | Found a staircase to the Depths.
 22156 | Snake:1  | Entered Level 1 of the Snake Pit
 22349 | Orc:1    | Entered Level 1 of the Orcish Mines
 22529 | Orc:2    | Entered Level 2 of the Orcish Mines
 22568 | Orc:2    | Reached skill level 8 in Axes
 22568 | Orc:2    | Reached XP level 16. HP: 95/114 MP: 23/23
 22793 | Orc:2    | Gained mutation: Your magical capacity is low. (-10% MP) [a
                  | neqoxec]
 23148 | Orc:2    | Reached skill level 9 in Axes
 23158 | Orc:2    | Found Gesho's Armour Emporium.
 23158 | Orc:2    | Found Coiplepi's Distillery.
 23158 | Orc:2    | Found Yhaecy's Distillery.
 23162 | Orc:2    | Found Xeim's Antique Armour Shoppe.
 23765 | Orc:2    | Found a staircase to the Elven Halls.
 23999 | Orc:2    | Bought a potion of heal wounds for 60 gold pieces
 23999 | Orc:2    | Bought a potion of curing for 36 gold pieces
 24000 | Orc:2    | Bought a potion of heal wounds for 60 gold pieces
 24000 | Orc:2    | Bought a potion of invisibility for 96 gold pieces
 24000 | Orc:2    | Bought a potion of haste for 120 gold pieces
 24000 | Orc:2    | Bought a potion of haste for 120 gold pieces
 24000 | Orc:2    | Bought a potion of haste for 120 gold pieces
 24263 | Snake:1  | Reached skill level 10 in Axes
 24356 | Snake:1  | Reached skill level 11 in Axes
 25051 | Snake:1  | Noticed Agnes
 25057 | Snake:1  | Killed Agnes
 25413 | Snake:2  | Found Vetiev's Weapon Boutique.
 25563 | Snake:2  | Reached skill level 12 in Axes
 25581 | Snake:2  | Found a frozen archway.
 25595 | IceCv    | Entered an ice cave
 26086 | IceCv    | Noticed an Ice Fiend
 26200 | IceCv    | Killed an Ice Fiend
 26205 | IceCv    | Noticed an Ice Fiend
 26516 | IceCv    | Killed an Ice Fiend
 26517 | IceCv    | Reached skill level 13 in Axes
 26760 | Snake:2  | Found Onucote's CLEARANCE SALE!.
 26765 | Snake:2  | Bought a potion of curing for 15 gold pieces
 26936 | Snake:2  | Found Karonk's Jewellery Boutique.
 26937 | Snake:2  | Found Neiq's Assorted Antiques.
 27125 | Snake:3  | Noticed a nagaraja
 27135 | Snake:3  | Reached XP level 17. HP: 57/119 MP: 19/22
 27146 | Snake:3  | Reached skill level 14 in Axes
 27745 | Snake:3  | Reached skill level 15 in Axes
 28481 | Snake:4  | Entered Level 4 of the Snake Pit
 29375 | Snake:4  | Noticed Vashnia
 30451 | Snake:4  | Killed Vashnia
 30452 | Snake:4  | Reached skill level 10 in Shields
 30533 | Snake:4  | Reached XP level 18. HP: 85/126 MP: 22/22
 30547 | Snake:4  | Got a serpentine rune of Zot
 30811 | Swamp:1  | Entered Level 1 of the Swamp
 31075 | Swamp:1  | Noticed Josephine
 31089 | Swamp:1  | Killed Josephine
 31188 | Swamp:1  | Noticed Louise
 31206 | Swamp:1  | Killed Louise
 32362 | Swamp:3  | Identified the serpent talisman "Cyuwuces" {MP+9 Dex+3
                  | Stlth+}
 32362 | Swamp:3  | Noticed Aizul
 32379 | Swamp:3  | Killed Aizul
 32988 | Swamp:4  | Entered Level 4 of the Swamp
 34462 | Swamp:4  | Got a decaying rune of Zot
 35006 | Elf:1    | Entered Level 1 of the Elven Halls
 35032 | Elf:1    | Reached skill level 15 in Shields
 35035 | Elf:1    | Reached skill level 16 in Axes
 35133 | Elf:1    | Got the Anthology of Momentum
 35241 | Elf:1    | Reached XP level 19. HP: 107/131 MP: 23/23
 35316 | Elf:1    | Found Utasum's Antique Weapon Boutique.
 35871 | Elf:1    | Bought a runed broad axe for 161 gold pieces
 35953 | Elf:2    | Reached skill level 17 in Axes
 36100 | Elf:2    | Paralysed by an air elemental for 1 turns
 36531 | Elf:2    | Found a runed translucent gate.
 36531 | Elf:2    | Found a runed translucent gate.
 36534 | Elf:2    | Found a runed translucent gate.
 36758 | Elf:3    | Entered Level 3 of the Elven Halls
 36842 | Elf:3    | Found Caittol's Magic Scroll Boutique.
 36847 | Elf:3    | Bought a scroll of enchant weapon for 105 gold pieces
 36847 | Elf:3    | Bought a scroll of revelation for 105 gold pieces
 36920 | Elf:3    | Found Myexen's General Store.
 36924 | Elf:3    | Bought 3 curare-tipped darts for 61 gold pieces
 36924 | Elf:3    | Bought a potion of mutation for 136 gold pieces
 36982 | Elf:3    | Found Elegug's Jewellery Shop.
 37093 | Elf:3    | Paralysed by an air elemental for 1 turns
 38589 | Vaults:1 | Entered Level 1 of the Vaults
 38636 | Vaults:1 | Reached skill level 15 in Dodging
 39669 | Vaults:1 | Reached XP level 20. HP: 137/137 MP: 24/24
 40821 | Vaults:2 | Found the +18 shield of the Gong {Loud rN+ Will+ rCorr
                  | EV-5}
 41444 | Vaults:2 | Found Qaree's Antique Armour Shop.
 41617 | Vaults:2 | Found Etuyb's Antique Armour Boutique.
 41647 | Vaults:2 | Found Sufuzoli's Assorted Antiques.
 41728 | Vaults:2 | Found a staircase to the Crypt.
 42114 | Vaults:2 | Found Geumpol's Armour Shoppe.
 44324 | Vaults:4 | Reached XP level 21. HP: 138/143 MP: 25/25
 44345 | Vaults:4 | Noticed Mara
 44352 | Vaults:4 | Noticed Implojin's illusion
 44364 | Vaults:4 | Killed Mara
 44702 | Elf:3    | Bought the brooch of Shielding {Spirit SH+8} for 1040 gold
                  | pieces
 44702 | Elf:3    | Found the brooch of Shielding {Spirit SH+8}
 45364 | Vaults:4 | Identified the +1 scale mail of Beloved Joy {Will- Int+5
                  | Slay+5}
 46529 | Depths:1 | Entered Level 1 of the Depths
 46642 | Depths:1 | Reached skill level 15 in Fighting
 46735 | Depths:1 | Found a broken altar of Ashenzari.
 47024 | Depths:1 | Found a gateway to Hell.
 47031 | Depths:1 | Identified the +8 chain mail of Jufeh {Will+ rCorr}
 47663 | Depths:2 | Found a one-way gateway to a ziggurat.
 47734 | Depths:2 | Reached XP level 22. HP: 110/160 MP: 24/26
 47748 | Depths:2 | Reached skill level 18 in Axes
 48041 | Depths:2 | Found a one-way gate leading to the halls of Pandemonium.
 48254 | Depths:2 | Found Peming's Book Shop.
 48259 | Depths:2 | Found Goxzo's Antique Weapon Shop.
 48353 | Depths:2 | Found a one-way gate to the infinite horrors of the Abyss.
 48852 | Depths:3 | Reached skill level 19 in Axes
 48890 | Depths:3 | Noticed Jory
 48917 | Depths:3 | Killed Jory
 49058 | Depths:3 | Noticed a juggernaut
 49071 | Depths:3 | Killed a juggernaut
 49072 | Depths:3 | Reached skill level 20 in Axes
 49127 | Depths:3 | Noticed a golden dragon
 49137 | Depths:3 | Killed a golden dragon
 50125 | Depths:3 | Found a portal to a secret trove of treasure.
 50243 | Depths:4 | Entered Level 4 of the Depths
 50335 | Depths:4 | Noticed a juggernaut
 50350 | Depths:4 | Killed a juggernaut
 50440 | Depths:4 | Found a corrupted altar of Lugonu.
 50454 | Depths:4 | Noticed a golden dragon
 50475 | Depths:4 | Killed a golden dragon
 50712 | Depths:4 | Found a gate to the Realm of Zot.
 51093 | Depths:4 | Noticed a caustic shrike
 51097 | Depths:4 | Noticed a caustic shrike
 51097 | Depths:4 | Noticed a caustic shrike
 51103 | Depths:4 | Killed a caustic shrike
 51104 | Depths:4 | Reached XP level 23. HP: 123/169 MP: 23/27
 51104 | Depths:4 | Killed a caustic shrike
 51107 | Depths:4 | Killed a caustic shrike
 51293 | Depths:4 | Noticed a juggernaut
 51305 | Depths:4 | Killed a juggernaut
 51669 | Depths:4 | Found a shadowy altar of Dithmenos.
 51838 | Depths:3 | Found the +7 lajatang of Order {silver, rMut}
 52506 | Elf:3    | Identified the ring of Erphorut {rElec rPois MP+9 Str-4
                  | Slay+6}
 52507 | Elf:3    | Identified the +5 quarterstaff of Poucs {heavy, rC- rN+
                  | Int-4 Dex+4 SInv}
 52535 | Elf:3    | Identified the +0 robe of the Winnowing Gods {^Contam rElec
                  | rF+ Will+}
 52638 | Elf:3    | Identified the +6 flail of the Shining Light {freeze, rElec
                  | rF+}
 52667 | Elf:3    | Identified the +4 chain mail of Hyujob {rElec Int+8}
 52679 | Elf:3    | Identified the +1 helmet "Keucid" {Harm Regen+}
 52729 | Elf:3    | Got the Almanac of Entrancing Transfiguration
 53093 | Vaults:5 | Entered Level 5 of the Vaults
 53102 | Vaults:5 | Identified the +1 pair of gloves of Xom's Esteem {rElec
                  | Str+3 Dex-5 Stlth+}
 53179 | Vaults:5 | Noticed an ancient lich
 53201 | Vaults:5 | Killed an ancient lich
 53451 | Vaults:5 | Noticed a dread lich
 53463 | Vaults:5 | Killed a dread lich
 53805 | Vaults:5 | Reached XP level 24. HP: 179/183 MP: 27/27
 54169 | Vaults:5 | Noticed a dread lich
 54228 | Vaults:5 | Killed a dread lich
 54782 | Vaults:5 | Got a silver rune of Zot
 55311 | Slime:1  | Entered Level 1 of the Pits of Slime
 55775 | Zot:1    | Entered Level 1 of the Realm of Zot
 57133 | Zot:1    | Noticed a dread lich
 57143 | Zot:1    | Noticed a dread lich
 57417 | Zot:1    | Killed a dread lich
 57418 | Zot:1    | Reached XP level 25. HP: 129/189 MP: 2/27
 57422 | Zot:1    | Identified the +8 falchion of Doom {pain, +Blink Str+5
                  | Dex+4}
 57423 | Zot:1    | Found a faded altar of an unknown god.
 57531 | Zot:1    | Killed a dread lich
 58090 | Zot:2    | Noticed a Killer Klown
 58113 | Zot:2    | Killed a Killer Klown
 58505 | Zot:2    | Reached skill level 15 in Armour
 58984 | Zot:2    | Found a runed translucent door.
 58985 | Zot:2    | Found a shimmering altar of Xom.
 58985 | Zot:2    | Noticed Wukiw's ghost (legendary MiBe)
 60374 | Zot:3    | Identified the +7 mace of the Eternal Warrior {flame, rPois
                  | rF+ rCorr Dex+3}
 61212 | Zot:5    | Entered Level 5 of the Realm of Zot
 61312 | Zot:5    | Identified the +5 ring mail "Qixkak" {Harm rN++ Int-2}
 61438 | Zot:5    | Reached XP level 26. HP: 193/196 MP: 27/27
 61811 | Zot:5    | Reached skill level 21 in Axes
 61859 | Zot:5    | Noticed an ancient lich
 61881 | Zot:5    | Killed an ancient lich
 61938 | Zot:5    | Noticed an orb of fire
 61947 | Zot:5    | Gained mutation: You have a pair of small antennae on your
                  | head. [an orb of fire]
 61952 | Zot:5    | Killed an orb of fire
 61959 | Zot:5    | Noticed a Killer Klown
 61978 | Zot:5    | Reached skill level 22 in Axes
 61991 | Zot:5    | Noticed a Killer Klown
 62009 | Zot:5    | Killed a Killer Klown
 62094 | Zot:5    | Killed a Killer Klown
 62096 | Zot:5    | Noticed a Killer Klown
 62102 | Zot:5    | Killed a Killer Klown
 62106 | Zot:5    | Noticed a Killer Klown
 62115 | Zot:5    | Killed a Killer Klown
 62136 | Zot:5    | Got the Orb of Zot
 62167 | Zot:5    | Noticed Ajeorchu the pandemonium lord
 62328 | Zot:1    | Reached skill level 23 in Axes
 62542 | D:15     | Noticed Rycood the pandemonium lord
 62550 | D:15     | Killed Rycood the pandemonium lord
 62970 | D:$      | Escaped with the Orb!

Illustrated notes

Levels and vault maps discovered:
D:1:      amcnicky_arrival_wind_blow, layout_loops_ring
D:2:      layout_basic, minmay_door_square
D:3:      layout_loops_ring, led_xom_imps, chequers_ecumenical_altar_simple,
          uniq_robin
D:4:      layout_rooms, kennysheep_mini, kennysheep_generic_room_15, uniq_ijyb
D:5:      wander_guarded_unrand_ratskin, layout_basic
D:6:      layout_layer_cave, grunt_nemelex_the_gamble,
          minmay_temple_entry_waves, minmay_crystal_room,
          chequers_serial_rivers_small_b, minivault_14,
          kennysheep_pointless_box, uniq_menkaure, uniq_maggie, uniq_duvessa
D:7:      layout_loops_cross, nicolae_qazlal_general_emergency, minitemple,
          minmay_manual_monstrance, uniq_joseph, uniq_prince_ribbit1, uniq_pikel
D:8:      layout_basic, minmay_lair_entry_grove, minmay_gold_behind_fungi,
          uniq_psyche
D:9:      layout_irregular_city, eino_curves_02, nicolae_shop_fire_sale
          [nicolae_sub_dead_trees], nicolae_sextant
D:10:     layout_irregular_city
D:11:     layout_stronghold, gauntlet_entry_generic, serial_shops,
          nicolae_lakefront_shop, kennysheep_generic_room_11
D:12:     layout_rooms, orc_0_dummy
D:13:     layout_basic, david_vaults_2, serial_shops, nicolae_shop_tiny_glass,
          nicolae_shop_stone, shop, shop, shop_fountains, gammafunk_ghost_grave,
          kb_rosetta
D:14:     layout_loops_ring, roderic_lattice_octagonal_star, drop_trap
D:15:     gammafunk_enter_depths_forms, layout_cave_pods, elyvilon_altar_5,
          st_stairs_5, serial_bayou_pond_e
Temple:   nicolae_temple_no_exploring_needed
Lair:1:   cheibrodos_lair_river_kwai, layout_regular_city, serial_bayou_pond_c
Lair:2:   layout_gridlike, guppyfry_snake_entry_island
Lair:3:   layout_roguey, alex1729_swamp_entry_worm_eleionoma,
          minmay_lair_oklob_items, chequers_serial_rivers_micro_c,
          grunt_forest_large_clearings
Lair:4:   layout_hall_layers, nicolae_slime_entry_slimehenge,
          cheibrodos_lair_lostbears, uniq_sonja
Lair:5:   gammafunk_lair_ancient_temple, layout_gridlike,
          nicolae_lair_run_with_the_wolves, uniq_urug
Swamp:1:  layout_basic_swamp, evilmike_swamp_ruin_rubble_1, uniq_louise,
          uniq_josephine
Swamp:2:  layout_basic_swamp, evilmike_swamp_ruin_wall
Swamp:3:  layout_basic_swamp, evilmike_swamp_ruin_house_3, uniq_aizul
Swamp:4:  swamp_icy, layout_basic_swamp
Snake:1:  layout_gridlike, grunt_ministairs_13, evilmike_ambush
          [evilmike_ambush_outer_corners, evilmike_ambush_inner_pond],
          grunt_megastairs_5, uniq_agnes
Snake:2:  layout_grid_shapes, portal_ice_cave_entry_ice_statue_one,
          serial_shops, nicolae_shop_bloodbath_and_beyond,
          nicolae_shop_clearance, minmay_shoptagon, lemuel_fruit_tree
Snake:3:  layout_gridlike, hangedman_snake_thin_pillar_pass
Snake:4:  grunt_snake_rune_serpentine_throne, layout_misc_corridors,
          nicolae_triple_integral
Slime:1:  layout_caves
Orc:1:    layout_caves
Orc:2:    st_orc_mages, layout_caves
Elf:1:    layout_gridlike, serial_shops, nicolae_shop_overgrown_old_shop,
          minmay_elf_annihilation
Elf:2:    nicolae_elf_blades_splatter_lattice
          [nicolae_blade_entry_diamond_columns], layout_geoelf_diagonals,
          grunt_megastairs_3
Elf:3:    minmay_elf_hall_not_hex, layout_geoelf_castle, serial_shops,
          nicolae_shop_trees, nicolae_shop_window_shopping, shop_statue
Vaults:1: nicolae_vaults_gold_heap, nicolae_vaults_asterisk,
          nicolae_vaults_little_squares_4, vaults_dpeg_encased_lava,
          grunt_vaults_hallway_short, vaults_room_grunt_arrival_ludios,
          ontoclasm_vaults_shuriken, nicolae_vaults_diagonal_hallway_7,
          ontoclasm_vaults_pinch, nicolae_vaults_network_square,
          nicolae_vaults_trapezoid_4, dpeg_vaults_monster_row,
          ontoclasm_vaults_gateway, layout_vaults_omnibox
Vaults:2: hangedman_vaults_capsules, grunt_vaults_bifocal,
          nicolae_vaults_shipping_containers_2, minmay_crypt_entry_simple_box,
          v_rooms_3, vaults_mumra_lcd, nicolae_vaults_tetromino_L_1,
          hangedman_vaults_trim, ontoclasm_vaults_decontamination,
          nicolae_vaults_wrenched, nicolae_vaults_little_squares_5,
          nicolae_vaults_rhombus_6, nicolae_vaults_little_squares_1,
          ontoclasm_vaults_idyll, layout_vaults_omnicross, serial_shops, shop,
          shop, nicolae_lakefront_shop, nicolae_shop_rolling_square
Vaults:3: vaults_mumra_minichess, nicolae_vaults_offset_grid_hallway_4,
          nicolae_vaults_tetromino_Z_2, ontoclasm_vaults_misaligned,
          vaults_room_hallway, nicolae_vaults_little_squares_2,
          nicolae_vaults_surprise_closet, layout_vaults_omnigrid, uniq_margery
Vaults:4: nicolae_vaults_tangram_1, vaults_room_fancy_cross,
          nicolae_vaults_shelves_hall, nicolae_vaults_ellipses_ellipsis,
          nicolae_vaults_little_squares_3, nicolae_vaults_shipping_containers_4,
          vaults_room_fancy_cross, nicolae_vaults_stairing_the_circle,
          nicolae_vaults_stepped_doors, v_rooms_2, v_alt_pattern_2,
          hangedman_vaults_stretched_pinwheel, v_misc_9,
          nicolae_vaults_tetromino_Z_2, layout_vaults_ring, uniq_mara
Vaults:5: serial_shops
Depths:1: layout_gridlike, ashenzari_altar_1, lightli_too_deep,
          serial_bayou_crossing, grunt_megastairs_4
Depths:2: minmay_firetagon, layout_cave_pools, enter_ziggurat_d,
          abyss_entry_crystal, rand_demon_pan_entry_3, pf_coc_iceberg,
          infiniplex_staircase_door_maze, minmay_shop_star
Depths:3: nzn_winding_woodlands_medium [nzn_winding_woodlands_5x5_three,
          nzn_winding_woodlands_5x15_jagged, nzn_winding_woodlands_5x5_default,
          nzn_winding_woodlands_5x5_closed_star,
          nzn_winding_woodlands_center_lodge, nzn_winding_woodlands_5x5_cross,
          nzn_winding_woodlands_5x5_open_star,
          nzn_winding_woodlands_5x15_pathside_ponds,
          nzn_winding_woodlands_5x5_perimeter], layout_gridlike, hell_entry,
          nicolae_trove_entry_diagonal, minmay_misc_feat_columns,
          hangedman_abyss_entry_splay, infiniplex_staircase_diamond,
          serial_bayou_shore_b, firewood_loft, uniq_jory
Depths:4: grunt_zot_entry_alcove, layout_gridville,
          pf_vacation_house_of_asmodeus, abyss_entry_flame_altar,
          grunt_dithmenos_smoke_and_mirrors
Zot:1:    regret_index_infernal_bastille, layout_gridlike,
          hangedman_zot_wheel_spokes
Zot:2:    layout_basic, ebering_ghost_xom, zot_minivault_5
Zot:3:    layout_gridlike, kennysheep_underground_church
Zot:4:    layout_misc_corridors
Zot:5:    layout_gridlike

Skill      XL: |  1  2  3  4  5  6  7  8  9 10 11 12 13 14 15 16 17 18 19 20 21 22 23 24 25 26 |
---------------+-------------------------------------------------------------------------------+-----
Alchemy        | 4 5 6 |  6.3
Short Blades   | 2 3 4 |  4.0
Fighting       | 2 8 12 16 17 20 | 20.0
Evocations     | 3 7 |  7.0
Polearms       | 3 7 8 10 | 10.0
Armour         | 3 5 8 10 13 18 | 18.0
Dodging        | 5 8 11 12 15 17 19 22 | 22.0
Stealth        | 4 8 |  8.0
Invocations    | 6 9 10 | 10.0
Shields        | 5 6 10 15 17 18 | 18.0
Throwing       | 4 |  4.0
Axes           | 8 13 15 16 17 20 23 | 23.5
Spellcasting   | |  2.0
Conjurations   | |  1.0

Action                     |  1- 3 |  4- 6 |  7- 9 | 10-12 | 13-15 | 16-18 | 19-21 | 22-24 | 25-27 || total
---------------------------+-------+-------+-------+-------+-------+-------+-------+-------+-------++-------
  Melee: Flail             |     8 |       |       |       |       |       |       |       |       ||     8
         Dagger            |     6 |       |       |       |       |       |       |       |       ||     6
         Punch             |     2 |     2 |     2 |     2 |       |       |       |       |       ||     8
         Short sword       |    50 |   101 |    29 |       |       |       |       |       |       ||   180
         Trident           |       |       |   172 |   461 |  1004 |   322 |       |       |       ||  1959
         Battleaxe         |       |       |       |       |       |   214 |       |       |       ||   214
         Broad axe         |       |       |       |       |       |   599 |  1151 |   996 |   692 ||  3438
  Throw: Boomerang         |       |       |       |       |       |    13 |    13 |       |       ||    26
         Throwing net      |       |       |       |       |       |       |     1 |       |       ||     1
         Dart              |       |       |       |       |       |       |       |     3 |       ||     3
         Javelin           |       |       |       |       |       |       |       |     4 |     3 ||     7
   Cast: Sting             |    65 |    69 |    17 |       |       |       |       |       |       ||   151
         Mercury Vapours   |     3 |     1 |    13 |     1 |       |       |       |       |       ||    18
 Invoke: Ancestor Identity |       |       |       |     1 |       |       |       |       |       ||     1
         Ancestor Life: He |       |       |       |     1 |       |       |       |       |       ||     1
         Idealise          |       |       |       |     1 |     5 |    10 |     5 |    11 |     7 ||    39
         Recall Ancestor   |       |       |       |       |       |     7 |     4 |     2 |    10 ||    23
  Evoke: Wand              |     1 |     7 |     9 |    15 |     6 |     3 |     5 |       |     4 ||    50
         Box of beasts     |       |       |       |     1 |     1 |     4 |     1 |     2 |       ||     9
         Condenser vane    |       |       |       |       |       |     3 |     1 |     1 |       ||     5
    Use: Scroll            |       |     4 |     7 |    14 |    10 |    18 |     9 |     8 |     5 ||    75
         Potion            |       |       |       |     8 |       |    19 |       |     2 |    10 ||    39
   Stab: Sleeping          |       |       |     1 |     8 |    12 |    18 |     6 |     3 |     1 ||    49
         Distracted        |       |       |       |     4 |    23 |    34 |    21 |    26 |    17 ||   125
         Confused          |       |       |       |     8 |    15 |    20 |    91 |   116 |    48 ||   298
         Invisible         |       |       |       |     5 |       |       |       |     4 |     8 ||    17
         Paralysed         |       |       |       |       |    42 |   103 |    93 |    40 |    44 ||   322
         Petrified         |       |       |       |       |     1 |       |       |       |       ||     1
         Fleeing           |       |       |       |       |       |     1 |       |       |       ||     1
 Armour: Robe              |    23 |       |       |       |       |       |       |       |       ||    23
         Ring mail         |    14 |    47 |    62 |   153 |       |       |       |       |       ||   276
         Acid dragon scale |       |       |       |    44 |   419 |   593 |   307 |   325 |   199 ||  1887
         Skin              |       |       |       |    36 |       |       |       |       |       ||    36
  Dodge: Dodged            |    44 |    85 |    96 |   327 |   780 |   810 |   285 |   298 |   255 ||  2980
  Block: Buckler           |       |       |       |    98 |   388 |    84 |       |       |       ||   570
         Tower shield      |       |       |       |       |       |   525 |   281 |   711 |   725 ||  2242
         Kite shield       |       |       |       |       |       |       |   767 |   320 |       ||  1087

Table legend: (Time is in decaauts)
 A = Elapsed time spent in this place.
 B = Non-inter-level travel time spent in this place.
 C = Inter-level travel time spent in this place.
 D = Time resting spent in this place.
 E = Time spent auto-exploring this place.
 F = Levels seen in this place.
 G = Mean time per level.
                   A        B        C        D        E       F      G
               +--------+--------+--------+--------+--------+-----+--------+
         Total |  62711 |  56638 |   6073 |   5144 |  35388 |  51 | 1229.6 |
       Dungeon |  17170 |  14838 |   2332 |    389 |  10361 |  15 | 1144.7 |
        Temple |     22 |     22 |      0 |      0 |      0 |   1 |   22.0 |
          Lair |   6131 |   5224 |    907 |      0 |   3725 |   5 | 1226.2 |
         Swamp |   4174 |   4050 |    124 |    799 |   2136 |   4 | 1043.5 |
     Snake Pit |   5505 |   5317 |    188 |   1087 |   2769 |   4 | 1376.2 |
    Slime Pits |     50 |     50 |      0 |      0 |      0 |   1 |   50.0 |
  Orcish Mines |   2018 |   1552 |    466 |    441 |    773 |   2 | 1009.0 |
   Elven Halls |   4423 |   3866 |    557 |    206 |   2341 |   3 | 1474.3 |
        Vaults |   9405 |   8756 |    649 |    440 |   6112 |   5 | 1881.0 |
        Depths |   5552 |   5074 |    478 |    580 |   3255 |   4 | 1388.0 |
           Zot |   6478 |   6110 |    368 |    455 |   3825 |   5 | 1295.6 |
      Ice Cave |   1035 |   1035 |      0 |    490 |     60 |   1 | 1035.0 |
      Gauntlet |    743 |    743 |      0 |    255 |     29 |   1 |  743.0 |
               +--------+--------+--------+--------+--------+-----+--------+

Top non-repeatable levels by time:
Vaults:2: 2314 daAuts
Vaults:1: 2222 daAuts
Depths:3: 2147 daAuts
     D:3: 2121 daAuts
   Zot:1: 2033 daAuts
 Snake:4: 2032 daAuts
Vaults:5: 1849 daAuts
   Elf:3: 1822 daAuts
  Lair:2: 1755 daAuts
   Zot:3: 1636 daAuts
   Elf:2: 1622 daAuts
Vaults:3: 1600 daAuts
    D:13: 1525 daAuts
 Swamp:4: 1440 daAuts
Vaults:4: 1419 daAuts
